TOP OF THE 1ST |
El Paso Chihuahuas batting - Pitching for Albuquerque Dukes : LHP Craig Henderson
|
Pitching: LHP Craig Henderson
|
|
Batting: RHB Julio Acevedo
|
0-0: Foul Ball, location: 2F 0-1: Ball 1-1: Ball 2-1: SINGLE (Groundball, 13S, EV 70.0 MPH) (infield hit)
|
Batting: LHB Andy Van Slyke
|
0-0: Called Strike 0-1: Ball 1-1: Ball 2-1: Foul Ball, location: 2F 2-2: Foul Ball, location: 2F 2-2: SINGLE (Groundball, 6MS, EV 66.9 MPH) (infield hit) Julio Acevedo to second
|
Batting: RHB Jesse Vann
|
0-0: Ball 1-0: Called Strike 1-1: Ball 2-1: Swinging Strike 2-2: Ball 3-2: Reached on error, E4 (Flyball, 34D, EV 81.3 MPH) Julio Acevedo to third Andy Van Slyke to second
|
Batting: LHB Dan Murphy
|
0-0: Foul Ball, location: 2F 0-1: Grounds into double play, 6-4-3 (Groundball, 6, EV 80.6 MPH) Julio Acevedo scores Andy Van Slyke to third
|
Batting: RHB Tom Roarke
|
0-0: Called Strike 0-1: Called Strike 0-2: SINGLE (Line Drive, 7S, EV 105.6 MPH) Andy Van Slyke scores
|
Batting: RHB Leo George
|
0-0: Called Strike 0-1: Ball 1-1: Called Strike 1-2: Ball 2-2: Ball 3-2: Strikes out swinging
|
Top of the 1st over - 2 runs, 3 hits, 1 error, 1 left on base; El Paso 2 - Albuquerque 0 |
BOTTOM OF THE 1ST |
Albuquerque Dukes batting - Pitching for El Paso Chihuahuas : RHP Tom Smith
|
Pitching: RHP Tom Smith
|
|
Batting: LHB Andres Romero
|
0-0: Swinging Strike 0-1: Ball 1-1: Swinging Strike 1-2: Strikes out looking
|
Batting: RHB Steven Patterson
|
0-0: Called Strike 0-1: Ground out 6-3 (Groundball, 6S, EV 93.1 MPH)
|
Batting: LHB Dave Yobs
|
0-0: Fly out, F7 (Flyball, 7LD, EV 98.8 MPH)
|
Bottom of the 1st over - 0 runs, 0 hits, 0 errors, 0 left on base; El Paso 2 - Albuquerque 0 |
TOP OF THE 2ND |
El Paso Chihuahuas batting - Pitching for Albuquerque Dukes : LHP Craig Henderson
|
Batting: RHB Stine Poole
|
0-0: Ball 1-0: Ball 2-0: Ball 3-0: Base on Balls
|
Batting: RHB William Parmenter
|
0-0: Ball 1-0: Foul Ball, location: 2F 1-1: Ball 2-1: Swinging Strike 2-2: Ball 3-2: Strikes out swinging
|
Batting: RHB Cliff Wherry
|
0-0: Ground out 6-3 (Groundball, 6M, EV 99.4 MPH) Stine Poole to second
|
Batting: RHB Julio Acevedo
|
0-0: Swinging Strike 0-1: Ball 1-1: Swinging Strike 1-2: Ball 2-2: Strikes out swinging
|
Top of the 2nd over - 0 runs, 0 hits, 0 errors, 1 left on base; El Paso 2 - Albuquerque 0 |
BOTTOM OF THE 2ND |
Albuquerque Dukes batting - Pitching for El Paso Chihuahuas : RHP Tom Smith
|
Batting: RHB George Foussianes
|
0-0: Foul Ball, location: 2F 0-1: Foul Ball, location: 2F 0-2: Ground out 4-3 (Groundball, 4, EV 80.0 MPH)
|
Batting: LHB Matthew Henderson
|
0-0: SINGLE (Line Drive, 8LM, EV 85.0 MPH)
|
Batting: RHB James Oros
|
0-0: Ball 1-0: Reached on error, E6 (Groundball, 6, EV 106.9 MPH) Matthew Henderson to second
|
Batting: LHB John Elder
|
0-0: Ball 1-0: Ball 2-0: Called Strike 2-1: Called Strike 2-2: Foul Ball, location: 2F 2-2: Strikes out swinging
|
Batting: RHB Mark Maher
|
0-0: Ball 1-0: Foul Ball, location: 2F 1-1: Ball 2-1: Ball 3-1: Base on Balls Matthew Henderson to third James Oros to second
|
Batting: RHB Kevin Harvey
|
0-0: Called Strike 0-1: Ball 1-1: Ball 2-1: Called Strike 2-2: Ball 3-2: Ground out 5-3 (Groundball, 56S, EV 85.6 MPH)
|
Bottom of the 2nd over - 0 runs, 1 hit, 1 error, 3 left on base; El Paso 2 - Albuquerque 0 |
TOP OF THE 3RD |
El Paso Chihuahuas batting - Pitching for Albuquerque Dukes : LHP Craig Henderson
|
Batting: LHB Andy Van Slyke
|
0-0: Ground out 1-3 (Groundball, 15S, EV 75.6 MPH)
|
Batting: RHB Jesse Vann
|
0-0: Foul Ball, location: 2F 0-1: Ball 1-1: Foul Ball, location: 2F 1-2: Foul Ball, location: 2F 1-2: Ball 2-2: Foul Ball, location: 2F 2-2: Ball 3-2: Strikes out swinging
|
Batting: LHB Dan Murphy
|
0-0: Ball 1-0: Ball 2-0: Ball 3-0: Called Strike 3-1: Fly out, F3 (Flyball, 3D, EV 90.0 MPH)
|
Top of the 3rd over - 0 runs, 0 hits, 0 errors, 0 left on base; El Paso 2 - Albuquerque 0 |
BOTTOM OF THE 3RD |
Albuquerque Dukes batting - Pitching for El Paso Chihuahuas : RHP Tom Smith
|
Batting: LHB Andres Romero
|
0-0: Ball 1-0: Ground out 1-3 (Groundball, 15S, EV 68.8 MPH)
|
Batting: RHB Steven Patterson
|
0-0: Ball 1-0: Ball 2-0: Called Strike 2-1: SINGLE (Line Drive, 89S, EV 90.0 MPH)
|
Batting: LHB Dave Yobs
|
0-0: Called Strike 0-1: Foul Ball, location: 2F 0-2: Ball 1-2: Foul Ball, location: 2F 1-2: Foul Ball, location: 2F 1-2: SINGLE (Groundball, 34D, EV 95.6 MPH) Steven Patterson to second Runner from 2nd tries for 3rd, SAFE, throw by RF made to third
|
Batting: RHB George Foussianes
|
0-0: Ball 1-0: Foul Ball, location: 2F 1-1: Ball 2-1: Foul Ball, location: 2F 2-2: Ball 3-2: Ground out 4-3 (Groundball, 4, EV 83.8 MPH) Steven Patterson scores Dave Yobs to second
|
Batting: LHB Matthew Henderson
|
0-0: Called Strike 0-1: Ball 1-1: Swinging Strike 1-2: Ball 2-2: Ground out 4-3 (Groundball, 4, EV 78.1 MPH)
|
Bottom of the 3rd over - 1 run, 2 hits, 0 errors, 1 left on base; El Paso 2 - Albuquerque 1 |
TOP OF THE 4TH |
El Paso Chihuahuas batting - Pitching for Albuquerque Dukes : LHP Craig Henderson
|
Batting: RHB Tom Roarke
|
0-0: SOLO HOME RUN (Flyball, 7LD, EV 104.4 MPH), Distance : 366 ft
|
Batting: RHB Leo George
|
0-0: Ball 1-0: Foul Ball, location: 2F 1-1: Called Strike 1-2: Ball 2-2: Ball 3-2: Base on Balls
|
Batting: RHB Stine Poole
|
0-0: Ball 1-0: Ball 2-0: Called Strike 2-1: Swinging Strike 2-2: Strikes out swinging
|
Batting: RHB William Parmenter
|
0-0: Ball 1-0: Ball 2-0: Called Strike 2-1: Foul Ball, location: 2F 2-2: Fly out, F8 (Flyball, 8LXD, EV 108.8 MPH)
|
Batting: RHB Cliff Wherry
|
Pickoff Throw to First - Out! 1-3
|
Top of the 4th over - 1 run, 1 hit, 0 errors, 0 left on base; El Paso 3 - Albuquerque 1 |
BOTTOM OF THE 4TH |
Albuquerque Dukes batting - Pitching for El Paso Chihuahuas : RHP Tom Smith
|
Batting: RHB James Oros
|
0-0: Ball 1-0: Ball 2-0: Called Strike 2-1: Fly out, F4 (Flyball, 4MD, EV 90.6 MPH)
|
Batting: LHB John Elder
|
0-0: Foul Ball, location: 2F 0-1: Swinging Strike 0-2: Ball 1-2: Ball 2-2: Foul Ball, location: 2F 2-2: Ball 3-2: Reached on error, E6 (Groundball, P, EV 83.8 MPH)
|
Batting: RHB Mark Maher
|
0-0: Called Strike 0-1: Grounds into double play, 1-6-3 (Groundball, 13S, EV 73.8 MPH)
|
Bottom of the 4th over - 0 runs, 0 hits, 1 error, 0 left on base; El Paso 3 - Albuquerque 1 |
TOP OF THE 5TH |
El Paso Chihuahuas batting - Pitching for Albuquerque Dukes : LHP Craig Henderson
|
Batting: RHB Cliff Wherry
|
0-0: Ball 1-0: Foul Ball, location: 2F 1-1: SINGLE (Line Drive, 5D, EV 108.1 MPH)
|
Batting: RHB Julio Acevedo
|
0-0: Swinging Strike 0-1: Ball 1-1: Ball Cliff Wherry is caught stealing 2nd base 2-4 2-1: Called Strike 2-2: Strikes out swinging, 2-3 out at first.
|
Batting: LHB Andy Van Slyke
|
0-0: Called Strike 0-1: Foul Ball, location: 2F 0-2: Foul Ball, location: 2F 0-2: Foul Ball, location: 2F 0-2: Foul Ball, location: 2F 0-2: SINGLE (Line Drive, 4D, EV 94.4 MPH)
|
Batting: RHB Jesse Vann
|
0-0: Called Strike 0-1: Ball 1-1: Called Strike 1-2: Ball 2-2: Strikes out swinging
|
Top of the 5th over - 0 runs, 2 hits, 0 errors, 1 left on base; El Paso 3 - Albuquerque 1 |
BOTTOM OF THE 5TH |
Albuquerque Dukes batting - Pitching for El Paso Chihuahuas : RHP Tom Smith
|
Batting: RHB Kevin Harvey
|
0-0: Ground out U3 (Groundball, 34, EV 83.1 MPH)
|
Batting: LHB Andres Romero
|
0-0: Ground out 2-3 (Groundball, 13S, EV 70.6 MPH)
|
Batting: RHB Steven Patterson
|
0-0: Called Strike 0-1: Ground out 6-3 (Groundball, 6, EV 88.1 MPH)
|
Bottom of the 5th over - 0 runs, 0 hits, 0 errors, 0 left on base; El Paso 3 - Albuquerque 1 |
TOP OF THE 6TH |
El Paso Chihuahuas batting - Pitching for Albuquerque Dukes : LHP Craig Henderson
|
Batting: LHB Dan Murphy
|
0-0: Ground out 6-3 (Groundball, 6, EV 86.3 MPH)
|
Batting: RHB Tom Roarke
|
0-0: Ball 1-0: Ball 2-0: Ball 3-0: Called Strike 3-1: Called Strike 3-2: Fly out, F7 (Flyball, 78S, EV 96.9 MPH)
|
Batting: RHB Leo George
|
0-0: Ball 1-0: Ball 2-0: Foul Ball, location: 2F 2-1: Ball 3-1: Base on Balls
|
Batting: RHB Stine Poole
|
0-0: Ball 1-0: Fly out, F3 (Popup, 34S, EV 80.6 MPH)
|
Top of the 6th over - 0 runs, 0 hits, 0 errors, 1 left on base; El Paso 3 - Albuquerque 1 |
BOTTOM OF THE 6TH |
Albuquerque Dukes batting - Pitching for El Paso Chihuahuas : RHP Tom Smith
|
Batting: LHB Dave Yobs
|
0-0: Ball 1-0: Foul Ball, location: 2F 1-1: Foul Ball, location: 2F 1-2: Strikes out swinging
|
Batting: RHB George Foussianes
|
0-0: Swinging Strike 0-1: Ball 1-1: Foul Ball, location: 2F 1-2: Ball 2-2: Ball 3-2: Strikes out swinging
|
Batting: LHB Matthew Henderson
|
0-0: Fly out, F7 (Flyball, 78S, EV 92.5 MPH)
|
Bottom of the 6th over - 0 runs, 0 hits, 0 errors, 0 left on base; El Paso 3 - Albuquerque 1 |
TOP OF THE 7TH |
El Paso Chihuahuas batting - Pitching for Albuquerque Dukes : LHP Craig Henderson
|
Batting: RHB William Parmenter
|
0-0: Ball 1-0: Called Strike 1-1: Ball 2-1: SINGLE (Flyball, 7LS, EV 86.9 MPH)
|
Batting: RHB Cliff Wherry
|
0-0: Ball 1-0: Grounds into double play, 6-4-3 (Groundball, 6, EV 85.0 MPH)
|
Batting: RHB Julio Acevedo
|
0-0: Ball 1-0: Ball 2-0: Ball 3-0: Base on Balls
|
Batting: LHB Andy Van Slyke
|
0-0: Fly out, F7 (Flyball, 7D, EV 90.6 MPH)
|
Top of the 7th over - 0 runs, 1 hit, 0 errors, 1 left on base; El Paso 3 - Albuquerque 1 |
BOTTOM OF THE 7TH |
Albuquerque Dukes batting - Pitching for El Paso Chihuahuas : RHP Tom Smith
|
Batting: RHB James Oros
|
0-0: Ground out 4-3 (Groundball, 4, EV 83.1 MPH)
|
Batting: LHB John Elder
|
0-0: Ball 1-0: Ball 2-0: SOLO HOME RUN (Flyball, 89XD, EV 100.6 MPH), Distance : 399 ft
|
Batting: RHB Mark Maher
|
0-0: Called Strike 0-1: Swinging Strike 0-2: Ball 1-2: Strikes out swinging
|
Batting: RHB Kevin Harvey
|
0-0: Ball 1-0: Ball 2-0: Called Strike 2-1: Foul Ball, location: 2F 2-2: Fly out, F9 (Flyball, 9S, EV 95.6 MPH)
|
Bottom of the 7th over - 1 run, 1 hit, 0 errors, 0 left on base; El Paso 3 - Albuquerque 2 |
TOP OF THE 8TH |
El Paso Chihuahuas batting - Pitching for Albuquerque Dukes : LHP Craig Henderson
|
Batting: RHB Jesse Vann
|
0-0: Ball 1-0: Ball 2-0: Ball 3-0: Base on Balls
|
Batting: LHB Dan Murphy
|
0-0: Swinging Strike 0-1: Ball 1-1: Called Strike 1-2: Foul Ball, location: 2F 1-2: Grounds into double play, 6-4-3 (Groundball, 6, EV 90.0 MPH)
|
Batting: RHB Tom Roarke
|
0-0: Ball 1-0: Called Strike 1-1: Ball 2-1: Fly out, F8 (Flyball, 8RD, EV 92.5 MPH)
|
Top of the 8th over - 0 runs, 0 hits, 0 errors, 0 left on base; El Paso 3 - Albuquerque 2 |
BOTTOM OF THE 8TH |
Albuquerque Dukes batting - Pitching for El Paso Chihuahuas : RHP Tom Smith
|
Batting: LHB Andres Romero
|
0-0: Fly out, F7 (Flyball, 7D, EV 101.3 MPH)
|
Batting: RHB Steven Patterson
|
0-0: Ball 1-0: Called Strike 1-1: Ball 2-1: Foul Ball, location: 2F 2-2: Fly out, F1 (Line Drive, P, EV 71.9 MPH)
|
Batting: LHB Dave Yobs
|
0-0: Ball 1-0: Ball 2-0: Ground out 4-3 (Groundball, 4, EV 89.4 MPH)
|
Bottom of the 8th over - 0 runs, 0 hits, 0 errors, 0 left on base; El Paso 3 - Albuquerque 2 |
TOP OF THE 9TH |
El Paso Chihuahuas batting - Pitching for Albuquerque Dukes : LHP Craig Henderson
|
Pitching: RHP James Quinn
|
|
Batting: RHB Leo George
|
0-0: Swinging Strike 0-1: Ball 1-1: Foul Ball, location: 2F 1-2: Foul Ball, location: 2F 1-2: Ball 2-2: Ground out 4-3 (Groundball, 4, EV 93.8 MPH)
|
Batting: RHB Stine Poole
|
0-0: Called Strike 0-1: Ball 1-1: Ball 2-1: Ground out 4-3 (Groundball, 4, EV 81.3 MPH)
|
Batting: RHB William Parmenter
|
0-0: Swinging Strike 0-1: Swinging Strike 0-2: Foul Ball, location: 2F 0-2: Ball 1-2: SINGLE (Line Drive, 8LS, EV 108.1 MPH)
|
Batting: RHB Cliff Wherry
|
0-0: Ball 1-0: Called Strike 1-1: Swinging Strike 1-2: Fly out, F8 (Flyball, 89S, EV 76.3 MPH)
|
Top of the 9th over - 0 runs, 1 hit, 0 errors, 1 left on base; El Paso 3 - Albuquerque 2 |
BOTTOM OF THE 9TH |
Albuquerque Dukes batting - Pitching for El Paso Chihuahuas : RHP Tom Smith
|
Batting: RHB George Foussianes
|
0-0: Called Strike 0-1: Ball 1-1: Called Strike 1-2: Ball 2-2: Foul Ball, location: 2F 2-2: Ball 3-2: Strikes out swinging
|
Batting: LHB Matthew Henderson
|
0-0: Foul Ball, location: 2F 0-1: Foul Ball, location: 2F 0-2: Strikes out swinging
|
Batting: RHB James Oros
|
0-0: Ball 1-0: Ball 2-0: Called Strike 2-1: Ground out 5-3 (Groundball, 5, EV 100.0 MPH)
|
Bottom of the 9th over - 0 runs, 0 hits, 0 errors, 0 left on base; El Paso 3 - Albuquerque 2 |
|